 Dungeon Crawl Stone Soup version 0.29.1-12-g30fa7ad0bf (webtiles) character file.

Game seed: 12176865577317294327

7 hawla the Firebug (level 2, -1/20 HPs)
             Began as a Meteoran Fire Elementalist on Jan 13, 2023.
             Slain by an adder (2 damage)
             ... on level 3 of the Dungeon.
             The game lasted 00:01:53 (137 turns).

hawla the Firebug (Meteoran Fire Elementalist)       Turns: 137, Time: 00:01:53

Health: -1/20      AC:  3    Str:  9    XL:     2   Next: 23%
Magic:  6/6        EV: 12    Int: 16    God:
Gold:   0          SH:  0    Dex: 14    Spells: 5/6 levels left

rFire   . . .      SeeInvis .   (no weapon)
rCold   . . .      Faith    .   (no shield)
rNeg    . . .      Spirit   .   a - +0 robe
rPois   .          Reflect  .   (no helmet)
rElec   .          Harm     .   (no cloak)
rCorr   .          Rampage  .   d - +0 pair of gloves
Will    .....                   (no boots)
Stlth   +.........              (no amulet)
HPRegen 0.06/turn               (no ring)
MPRegen 0.10/turn               (no ring)

@: glowing
A: sense surroundings 1, otherworldly, glowing, explore regen
a: no special abilities


You were on level 3 of the Dungeon.
You visited 1 branch of the dungeon, and saw 3 of its levels.

Inventory:

Armour
 a - a +0 robe (worn)
 d - a +0 pair of gloves (worn)
Scrolls
 c - a scroll of vulnerability {unknown}
 f - a scroll of fear {unknown}
 g - a scroll of identify {unknown}
Potions
 e - a potion of heal wounds {unknown}


   Skills:
 + Level 2.6 Dodging
 - Level 1.4 Stealth
 + Level 2.8 Spellcasting
 + Level 1.2 Conjurations
 + Level 4.0 Fire Magic


You had 5 spell levels left.
You knew the following spells:

 Your Spells              Type           Power      Damage    Failure   Level
a - Foxfire               Conj/Fire      40%        2x1d6     6%          1

Your spell library contained the following spells:

 Spells                   Type           Power      Damage    Failure   Level
 Scorch                   Fire           30%        2d6       5%          2
 Conjure Flame            Conj/Fire      10%        6-21      19%         3
 Inner Flame              Hex/Fire       8%         N/A       26%         3
 Flame Wave               Conj/Fire      10%        2d6       54%         4


Dungeon Overview and Level Annotations

Branches:
Dungeon (3/15) Zot: 1662

Altars:
Xom


Innate Abilities, Weirdness & Mutations

You passively map a small area around you.
You are easily found by Zot.
You glow in the dark.
You regain HP and MP as you explore.


Message History

Magic courses through your body.
You feel sick.
You are no longer poisoned.
The crimson imp misses you.
The crimson imp grins evilly.
Casting: Foxfire (safe; 6% risk of failure)
Confirm with . or Enter, or press ? or * to list all spells.
You don't know that spell.
You aren't carrying any items that you can evoke.
You hit the crimson imp but do no damage.
The crimson imp completely misses you.
The crimson imp blinks!
Unknown command.
You barely miss the crimson imp. The crimson imp closely misses you.
You closely miss the crimson imp. The crimson imp hits you.
* * * LOW HITPOINT WARNING * * *
You closely miss the crimson imp.
The crimson imp blinks!
You completely miss the crimson imp.
You punch the crimson imp, but do no damage.
The crimson imp blinks!
The crimson imp hits you but does no damage.
The crimson imp shouts, "Slither hence, thou mangled toot-wallowing efter!"
The crimson imp hits you.
* * * LOW HITPOINT WARNING * * *
The crimson imp blinks!
The teleport trap disappears.
The crimson imp disappears!
The crimson imp shouts, "Turn tail, thou lumpish beetle-headed bugbear!"
The crimson imp misses you.
Really walk into that dispersal trap?
The crimson imp attacks as you move away!
The crimson imp hits you.
* * * LOW HITPOINT WARNING * * *
You enter a dispersal trap!
The worm blinks!
The crimson imp blinks!
The adder blinks!
The worm blinks!
The crimson imp blinks!
You blink.
Casting: Foxfire (safe; 6% risk of failure)
Confirm with . or Enter, or press ? or * to list all spells.
You conjure some foxfire!
The foxfire hits the crimson imp.
The crimson imp completely resists.
Unknown command.
Your foxfire dissipates!
The adder bites you.
You die...

* ,, # , * .# , * *
, * ... * * * ... *
* *, ##### , .. , *
,* #§#.# #######.#,
, * *
#.#.######...<...#
,* *
#..§#5.@S...5.####*,
+._w'.####....# ,
#..§### #....# ,*
#§#.# ###### * #.#.#
* ##### , *


You could see a worm, 2 crimson imps and an adder.

Vanquished Creatures
  A goblin (D:1)
  4 jackals (D:2)
  A rat (D:2)
6 creatures vanquished.

Vanquished Creatures (others)
  17 foxfires
17 creatures vanquished.

Grand Total: 23 creatures vanquished

Notes
Turn   | Place    | Note
-------+----------+-------------------------------------------
     0 | D:1      | hawla the Meteoran Fire Elementalist began the quest for
                  | the Orb.
     0 | D:1      | Reached XP level 1. HP: 14/14 MP: 5/5
    83 | D:2      | Reached XP level 2. HP: 20/20 MP: 1/6
    87 | D:2      | Reached skill level 4 in Fire Magic
   119 | D:3      | Found a shimmering altar of Xom.
   120 | D:3      | Noticed a crimson imp
   120 | D:3      | Noticed a crimson imp
   121 | D:3      | Noticed a crimson imp
   121 | D:3      | Noticed a crimson imp
   135 | D:3      | HP: 1/20 [crimson imp (4)]
   137 | D:3      | Slain by an adder

Illustrated notes

Levels and vault maps discovered:
D:1:      minmay_arrival_open_corners, layout_loops_ring, serial_shops,
          nicolae_lakefront_shop, minmay_crystal_room, minmay_misc_feat_rows
D:2:      layout_basic, dreamdust_ecumenical_altar_statues
D:3:      layout_rooms, led_xom_imps, minmay_statues_item

Skill      XL: |  1  2 |
---------------+-------+-----
Fire Magic     | 4 |  4.0
Dodging        | |  2.6
Stealth        | |  1.4
Spellcasting   | |  2.8
Conjurations   | |  1.2

Action                   || total
-------------------------++-------
Melee: Unarmed           ||     8
       Punch             ||     1
 Cast: Foxfire           ||    13
  Use: Potion            ||     1
Armor: Robe              ||     4
Dodge: Dodged            ||    10
